AoeStats
← SHOGUN

Golden Pit

509372262Analyzed
1v1 RM · 6d ago on Sep 26, 2026· 32m 4s· 2 players
Game mode
Random Map
Map size
Tiny (2 player)
Population
200
Speed
Normal
Resources
Standard
Victory
Conquest
Starting age
Dark Age
Ending age
Imperial Age
RankedLock teamsTeams togetherTeam positionsShared explorationLock speedFull tech treeHidden civsTurbo modeCheats
Victory
Defeat
🇨🇳 Mongols · China
1352
+14
🇭🇰 Armenians · Hong Kong SAR China
1318
-14
tiger
7:05 Loom
9:11 Feudal Age
10:18 Horse Collar
16:03 Scale Barding Armor
16:43 Double-Bit Axe
23:00 Castle Age
21:47 Gold Mining
22:58 Bloodlines
26:50 Bow Saw
30:00 Town Watch
SHOGUN
6:06 Loom
9:21 Feudal Age
9:46 Man-at-Arms
10:23 Horse Collar
10:34 Double-Bit Axe
11:11 Long Swordsman
12:00 Arson
19:53 Scale Mail Armor
22:13 Wheelbarrow
25:35 Castle Age
24:19 Gold Mining
24:22 Stone Mining
26:37 Chain Mail Armor
26:09 Gambesons
25:49 Two-Handed Swordsman
26:29 Squires
29:40 Bow Saw
29:48 Horse Collar
29:43 Pikeman
Connection lost

Rejoining the realm…

Still unreachable

The connection could not be restored.

Session expired

The server has moved on; the page needs a fresh start.